AoeStats
← Barney

Fortress

510094552Analyzed
2v2 RM · 4d ago on Sep 29, 2026· 66m 20s· 4 players
Game mode
Random Map
Map size
Normal (6 player)
Population
200
Speed
Normal
Resources
Standard
Victory
Conquest
Starting age
Dark Age
Ending age
Imperial Age
RankedLock teamsTeams togetherTeam positionsShared explorationLock speedFull tech treeHidden civsTurbo modeCheats
Victory
Defeat
🇭🇺 Saxons · Hungary
1218
+16
🇭🇺 Danes · Hungary
1183
+18
🇹🇷 Malians · Türkiye
1216
-17
🇹🇷 Spanish · Türkiye
1216
-17
Smart on
7:59 Feudal Age
6:17 Loom
11:42 Castle Age
11:43 Loom
13:44 Forging
13:24 Arson
13:40 Squires
19:36 Elite Skirmisher
20:32 Fletching
23:40 Wheelbarrow
26:01 Bodkin Arrow
25:57 Double-Bit Axe
26:07 Gold Mining
27:49 Ballistics
31:27 Hand Cart
31:45 Bow Saw
32:18 Thumb Ring
33:18 Murder Holes
35:18 Hamask
36:04 Scale Mail Armor
36:40 Iron Casting
36:38 Town Watch
40:54 Imperial Age
43:16 Elite Varangian Guard
51:48 Capped Ram
57:27 Blast Furnace
56:42 Chain Mail Armor
57:55 Gambesons
60:06 Pikeman
60:46 Halberdier
63:23 Siege Ram
67:00 Siege Engineers
Barney
7:44 Feudal Age
9:12 Loom
12:32 Castle Age
10:37 Double-Bit Axe
11:23 Horse Collar
12:26 Fletching
18:48 Bow Saw
19:42 Town Watch
20:30 Bodkin Arrow
20:51 Crossbowman
24:07 Stone Mining
24:09 Gold Mining
26:01 Wheelbarrow
25:57 Padded Archer Armor
26:08 Forging
26:26 Ballistics
26:14 Scale Mail Armor
30:39 Imperial Age
29:01 Squires
29:37 Hand Cart
29:38 Gambesons
30:49 Town Patrol
31:07 Leather Archer Armor
31:09 Arbalester
31:55 Thumb Ring
32:15 Murder Holes
33:50 Bracer
35:21 Ring Archer Armor
35:51 Chain Mail Armor
36:12 Iron Casting
36:39 Chemistry
35:23 Elite Varangian Guard
36:03 Shield Wall
37:47 Heavy Plow
40:20 Plate Mail Armor
43:11 Pikeman
53:25 Siege Engineers
53:32 Masonry
53:50 Elite Hearth Troop
55:21 Halberdier
皮蛋不是蛋
7:57 Feudal Age
9:38 Double-Bit Axe
12:38 Castle Age
12:21 Horse Collar
12:47 Gold Mining
16:43 Padded Archer Armor
17:27 Bow Saw
17:26 Stone Mining
20:42 Wheelbarrow
24:39 Leather Archer Armor
28:30 Imperial Age
26:44 Loom
27:55 Heavy Plow
28:35 Stone Shaft Mining
28:37 Elite Conquistador
29:57 Ring Archer Armor
30:27 Husbandry
30:39 Bloodlines
30:41 Scale Barding Armor
32:10 Hand Cart
34:50 Conscription
34:24 Cavalier
37:07 Chemistry
36:28 Ballistics
37:10 Chemistry
42:39 Paladin
44:46 Light Cavalry
46:44 Fortified Wall
46:32 Murder Holes
49:22 Chain Barding Armor
49:12 Forging
49:16 Elite Skirmisher
50:26 Thumb Ring
50:43 Fletching
50:35 Hussar
52:41 Bodkin Arrow
53:22 Iron Casting
53:23 Plate Barding Armor
53:26 Bracer
58:38 Blast Furnace
花生厚片
7:08 Feudal Age
11:38 Castle Age
9:40 Double-Bit Axe
10:11 Horse Collar
12:05 Gold Mining
14:46 Wheelbarrow
18:12 Scale Mail Armor
19:36 Forging
24:15 Hand Cart
25:41 Chain Mail Armor
27:41 Bow Saw
31:42 Iron Casting
38:02 Heavy Plow
42:00 Imperial Age
46:37 Imperial Age
45:35 Squires
45:20 Arson
48:39 Imperial Age
49:41 Conscription
50:07 Crop Rotation
50:14 Farimba
51:00 Scale Barding Armor
51:13 Husbandry
51:03 Light Cavalry
51:53 Bloodlines
53:45 Chain Barding Armor
56:47 Plate Barding Armor
Connection lost

Rejoining the realm…

Still unreachable

The connection could not be restored.

Session expired

The server has moved on; the page needs a fresh start.